 Dungeon Crawl Stone Soup version 0.16-a0-3493-gd9d85f0 (webtiles) character file.

599 4tharraofdagon the Slasher (level 7, 0/49 HPs)
             Began as a High Elf Fighter on Jan 4, 2015.
             Was an Initiate of Dithmenos.
             Succumbed to a kobold's poison
             ... on level 6 of the Dungeon.
             The game lasted 00:20:08 (3106 turns).

4tharraofdagon the Slasher (High Elf Fighter)       Turns: 3106, Time: 00:20:09

Health: 0/49       AC: 17    Str: 15    XL:     7   Next: 17%
Magic:  12/12      EV:  5    Int: 14    God:    Dithmenos [......]
Gold:   10         SH:  7    Dex: 17    Spells: 0 memorised, 6 levels left

rFire  . . .     SeeInvis .     a - +0 long sword
rCold  . . .     Clarity  .     D - +0 plate armour
rNeg   + . .     SustAb   .     o - +2 buckler {reflect}
rPois  .         Gourm    .     c - +0 helmet
rElec  .         Spirit   .     u - +0 cloak
rCorr  .         Warding  +     (no gloves)
rMut   .         Stasis   .     f - +2 pair of boots
MR     .....                    i - amulet of warding
Stlth  ..........               (no ring)
                                t - +2 ring of dexterity (curse)

@: lethally poisoned, not resistant to hostile enchantments, extremely
unstealthy
A: no striking features
a: Renounce Religion


You were on level 6 of the Dungeon.
You worshipped Dithmenos.
Dithmenos was noncommittal.
You were not hungry.

You visited 1 branch of the dungeon, and saw 6 of its levels.

You collected 197 gold pieces.
You spent 187 gold pieces at shops.

Inventory:

Hand weapons
 a - a +0 long sword (weapon)
Missiles
 k - 18 stones (quivered)
Armour
 b - a +0 scale mail
 c - a +0 helmet (worn)
 f - a +2 pair of boots (worn)
 o - a +2 buckler of reflection (worn)
 u - a +0 cloak (worn)
 D - a +0 plate armour (worn)
Jewellery
 i - an amulet of warding (around neck)
 t - a cursed +2 ring of dexterity (left hand)
Magical devices
 x - a wand of confusion (2)
 A - a wand of paralysis (6)
Scrolls
 e - a scroll of silence {unknown}
 g - 9 scrolls of teleportation
 h - 3 scrolls of noise {unknown}
 j - 4 scrolls of remove curse
 q - 3 scrolls of identify
 r - a scroll of fear {unknown}
 s - a scroll of amnesia {unknown}
 v - 3 scrolls of fog {unknown}
 y - 2 scrolls of immolation {unknown}
 B - a scroll of magic mapping {unknown}
 C - a scroll of enchant armour
Potions
 m - a potion of degeneration
Books
 w - a book of the Tempests

   Spells                             Type                      Level
   a - Static Discharge               Conjuration/Air              3
   b - Lightning Bolt                 Conjuration/Air              5
   c - Fireball                       Conjuration/Fire             5
   d - Tornado                        Air                          9
   e - Shatter                        Earth                        9
Comestibles
 d - 3 bread rations
 l - a beef jerky
 n - 3 fruits
 z - a meat ration
 E - a chunk of flesh


   Skills:
 + Level 4.6 Fighting
 * Level 6.0 Long Blades
 + Level 3.9 Armour
 + Level 3.2 Dodging
 - Level 3.2 Shields


You had 6 spell levels left.
You didn't know any spells.

Dungeon Overview and Level Annotations

Branches:
Dungeon (6/15)
 Temple: D:4-7

Altars:
Dithmenos
Fedhas
Gozag
Makhleb
Sif Muna
Trog
Xom
The Shining One

Shops:
D:6 ?

Annotations:
D:4 Kemay's ghost, average OpTm
D:5 Edmund


Message History

Read which item? (? for menu, Esc to quit)
As you read the scroll labeled WOALLE ZEKI, it crumbles to dust.
It is a scroll of recharging.
Charge which item? (? for menu, Esc to quit)
Your wand of paralysis {empty} glows for a moment.
You block the orc priest's attack.
Unknown command.
Evoke which item? (* to show all) (? for menu, Esc to quit)
Zapping:
A - a wand of paralysis {recharged} (will waste charges)
Press: ? - help, Shift-Dir - straight line, f/p - orc priest
Aim: an orc priest, wielding a mace and wearing a leather armour (chance 46%)
The orc priest suddenly stops moving!
Evoking this partially-identified wand wasted a few charges.
* * * LOW HITPOINT WARNING * * *
You feel sick.
Unknown command.
The helpless orc priest fails to defend itself.
You hit the orc priest.
The orc priest is moderately wounded.
You die...

.. ##... .. .#.# ... .
#..# ... .... ..# ...
..... #.####.####......
#.......(....#....
#..##)..#........#
#.@(.%.........#
##o##....(....#
##.B########..# #
##...## #..# ## #.....#
#..# ###. #..#....#
#..# ##... ##.#....##
##..##.....
##......#####..........
##....B#..............


You could see a goliath beetle and an orc priest (paralysed).

Vanquished Creatures
  An ice beast (D:5)
  An ogre (D:6)
  A giant frog zombie (D:5)
  3 hounds
  A jelly (D:5)
  A worker ant (D:4)
  Ijyb (D:2)
  Robin (D:2)
  6 adders
  3 giant mites
  3 worms
  An adder zombie (D:6)
  2 giant geckos (D:3)
  2 oozes
  10 orcs
  2 ball pythons (D:3)
  7 bats
  A bat skeleton (D:6)
  A bat zombie (D:3)
  5 giant cockroaches
  22 goblins
  20 hobgoblins
  11 kobolds
  A quokka (D:4)
  2 giant newts
  3 jackals (D:2)
  5 rats
117 creatures vanquished.

Vanquished Creatures (others)
  A kobold (D:6)
1 creature vanquished.

Grand Total: 118 creatures vanquished

Notes
Turn   | Place    | Note
--------------------------------------------------------------
     0 | D:1      | 4tharraofdagon, the High Elf Fighter, began the quest for the Orb.
     0 | D:1      | Reached XP level 1. HP: 16/16 MP: 2/2
   201 | D:1      | Reached XP level 2. HP: 13/21 MP: 3/3
   473 | D:2      | Reached XP level 3. HP: 26/26 MP: 5/5
   541 | D:2      | Noticed Robin
   572 | D:2      | Killed Robin
   777 | D:2      | Reached skill level 1 in Dodging
   780 | D:2      | Reached XP level 4. HP: 19/31 MP: 7/7
   850 | D:2      | Found a glowing golden altar of the Shining One.
   854 | D:2      | Found a shimmering altar of Xom.
   856 | D:2      | Found a bloodstained altar of Trog.
   862 | D:2      | Found a deep blue altar of Sif Muna.
   862 | D:2      | Found a burning altar of Makhleb.
  1158 | D:3      | Found a blossoming altar of Fedhas.
  1684 | D:4      | Reached skill level 4 in Long Blades
  1684 | D:4      | Reached XP level 5. HP: 31/37 MP: 8/8
  1817 | D:4      | Noticed Kemay's ghost (average OpTm)
  1818 | D:4      | http://crawl.lantea.net/crawl/morgue/Kemay/morgue-Kemay-20150104-112846.txt
  1931 | D:2      | Noticed Ijyb
  1965 | D:2      | Killed Ijyb
  2385 | D:4      | Noticed an ogre
  2535 | D:4      | Reached XP level 6. HP: 43/43 MP: 10/10
  2583 | D:5      | Entered Level 5 of the Dungeon
  2654 | D:5      | Reached skill level 5 in Long Blades
  2719 | D:5      | Found a shadowy altar of Dithmenos.
  2731 | D:5      | Became a worshipper of Dithmenos the Shadowed
  2752 | D:5      | Noticed Edmund
  2998 | D:6      | Found Vimawiamp's Magic Scroll Shop.
  3017 | D:6      | Bought a scroll of remove curse for 33 gold pieces
  3017 | D:6      | Bought a scroll of teleportation for 33 gold pieces
  3017 | D:6      | Bought a scroll of teleportation for 33 gold pieces
  3017 | D:6      | Bought a scroll of teleportation for 33 gold pieces
  3017 | D:6      | Bought a scroll of teleportation for 33 gold pieces
  3017 | D:6      | Bought a scroll of identify for 22 gold pieces
  3033 | D:6      | Found an opulent altar of Gozag.
  3050 | D:6      | Reached XP level 7. HP: 41/49 MP: 12/12
  3066 | D:6      | Reached skill level 6 in Long Blades
  3103 | D:6      | HP: 2/49 [poisoned by a kobold]
  3106 | D:6      | Succumbed to a kobold's poison

Action                   |  1- 3 |  4- 6 |  7- 9 || total
-------------------------+-------+-------+-------++-------
Melee: Long sword        |   108 |   312 |     8 ||   428
Throw: Stone             |     3 |       |       ||     3
Evoke: Wand              |       |     3 |     3 ||     6
  Use: Scroll            |     2 |     4 |     1 ||     7
       Potion            |     1 |     2 |       ||     3
 Stab: Paralysed         |       |     5 |     1 ||     6
  Eat: Chunk             |       |     7 |       ||     7
       Fruit             |       |     1 |       ||     1

Vault maps used:
D:1:      dpeg_arrival_subterranean_lakeside_camping, hangedman_glass_teeth,
          st_stairs_6, lemuel_old_faithful
D:2:      minmay_overflow_temple_star_hex, serial_curves, eino_curves_03,
          eino_curves_01, first_bread, columned_hall_lemuel,
          lexackson_kobold_supper, uniq_robin, uniq_iyjb
D:3:      old_standard_altar, uniq_sigmund
D:4:      minmay_goblin_outpost
D:5:      nicolae_dithmenos_through_a_glass_darkly, kennysheep_generic_room_2,
          uniq_edmund
D:6:      old_standard_altar, serial_shops, shop, grunt_gozag_statues
